 Dungeon Crawl Stone Soup version 0.20.1-1-g8b1a95d (webtiles) character file.

6158 raph the Frost Mage (level 10, -9/83 HPs)
             Began as a White Draconian Ice Elementalist on Oct 29, 2017.
             Was a Believer of Kikubaaqudgha.
             Mangled by a two-headed ogre
             ... wielding a +2 dire flail of venom
              (20 damage)
             ... on level 10 of the Dungeon.
             The game lasted 00:31:43 (11717 turns).

raph the Frost Mage (DrIE)                         Turns: 11717, Time: 00:31:45

Health: -9/83      AC: 22    Str: 17    XL:     10   Next: 60%
Magic:  2/18       EV: 14    Int: 19    God:    Kikubaaqudgha [**....]
Gold:   134        SH:  7    Dex: 12    Spells: 0/19 levels left

rFire    x . .     SeeInvis .   a - +5 trident (protect)
rCold    + + +     Gourm    .   m - +3 buckler of a wizard's laboratory {rPois Int+2}
rNeg     . . .     Faith    .   (armour unavailable)
rPois    +         Spirit   .   (helmet restricted)
rElec    .         Reflect  .   (no cloak)
rCorr    .         Harm     .   (no gloves)
MR       .....                  (no boots)
Stlth    +++.......             (no amulet)
Regen    1.3/turn               s - ring of ice
MPRegen  0.2/turn               y - ring of protection from cold

@: mighty, lethally poisoned (-9 -> -10), icy armour, protection aura, very
slightly contaminated, regenerating (expiring), slow
A: breathe frost, unfitting armour, cold resistance 1, cold-blooded, AC +7
a: Breathe Frost, Receive Corpses, Renounce Religion


You were on level 10 of the Dungeon.
You worshipped Kikubaaqudgha.
Kikubaaqudgha was pleased with you.
You were hungry.

You visited 1 branch of the dungeon, and saw 10 of its levels.

You collected 374 gold pieces.
You spent 240 gold pieces at shops.

Inventory:

Hand Weapons
 a - a +5 trident of protection (weapon)
 d - a +0 mace
 l - a +0 quarterstaff
 p - a +0 spear of flaming
Missiles
 o - 3 tomahawks of dispersal (quivered)
Armour
 m - the +3 buckler of a wizard's laboratory (worn) {rPois Int+2}
   (You acquired it on level 9 of the Dungeon)

   It affects your intelligence (+2).
   It protects you from poison.
Magical Staves
 b - an uncursed staff of death
 k - an uncursed staff of poison
Jewellery
 s - a ring of ice (left hand)
 y - a ring of protection from cold (right hand)
Wands
 u - a wand of enslavement (11/24)
 x - a wand of iceblast (4/15)
Scrolls
 n - a scroll of fog
 t - 6 scrolls of identify
 v - 2 scrolls of remove curse
Potions
 h - a potion of curing
 i - 3 potions of brilliance
 q - a potion of lignification
Books
 c - a book of Frost

   Spells                             Type                      Level
   a - Freeze                         Ice                          1
   b - Throw Frost                    Conjuration/Ice              2
   c - Ozocubu's Armour               Charms/Ice                   3
   d - Throw Icicle                   Conjuration/Ice              4
   e - Summon Ice Beast               Ice/Summoning                4
 g - Kikubaaqudgha's Reference Book on Evil
   (Kikubaaqudgha gifted it to you on level 7 of the Dungeon)

   Spells                             Type                      Level
   a - Pain                           Necromancy                   1
   b - Corpse Rot                     Necromancy                   2
   c - Sublimation of Blood           Necromancy                   2
   d - Regeneration                   Charms/Necromancy            3
   e - Control Undead                 Necromancy                   4
Comestibles
 e - 5 bread rations
 f - 7 meat rations
 r - 4 fruits
 w - 5 royal jellies
 z - 5 chunks of flesh


   Skills:
 + Level 5.9 Fighting
 * Level 5.5 Polearms
 + Level 5.3 Dodging
 + Level 5.1 Stealth
 * Level 2.2 Shields
 + Level 5.3 Spellcasting
 + Level 4.0 Conjurations
 - Level 2.2 Charms
 + Level 4.1 Summonings
 + Level 3.0 Necromancy
 + Level 9.2 Ice Magic


You couldn't memorise any spells.
You knew the following spells:

 Your Spells              Type           Power        Failure   Level  Hunger
a - Freeze                Ice            ####         1%          1    None
b - Throw Frost           Conj/Ice       #####.       1%          2    None
c - Ozocubu's Armour      Chrm/Ice       #####...     4%          3    ##.....
d - Summon Ice Beast      Ice/Summ       #####...     10%         4    ####...
e - Throw Icicle          Conj/Ice       #####...     10%         4    ####...
f - Regeneration          Chrm/Necr      ###.......   16%         3    ##.....
g - Corpse Rot            Necr           N/A          6%          2    None


Dungeon Overview and Level Annotations

Branches:
Dungeon (10/15)            Temple (0/1) D:7             Orc (0/2) D:10
   Lair: D:8-11

Altars:
Elyvilon
Gozag
Kikubaaqudgha
Nemelex Xobeh
Zin

Shops:
D:5 ?


Innate Abilities, Weirdness & Mutations

You can breathe waves of freezing cold.
You can buffet flying creatures when you breathe cold.
Your icy white scales are hard. (AC +7)
You cannot fit into any form of body armour.
Your flesh is cold resistant. (rC+)
You are cold-blooded and may be slowed by cold attacks.


Message History

You feel better. The vampire bat barely misses you.
You block the vampire bat's attack.
The death yak snorts and paws the ground.
You feel better.
The vampire bat bites you but does no damage.
The two-headed ogre barely misses you. You block the two-headed ogre's attack.
You puncture the two-headed ogre!
The two-headed ogre is severely wounded.
The vampire bat closely misses you. x2
The two-headed ogre hits you with a dire flail of venom!
* * * LOW HITPOINT WARNING * * *
You are poisoned.
The two-headed ogre barely misses you.
You puncture the two-headed ogre!
Your tail-slap misses the two-headed ogre.
The two-headed ogre is almost dead.
You feel sick. The vampire bat barely misses you.
The two-headed ogre hits you with a dire flail of venom!!
You die...
Kikubaaqudgha rasps: "You have failed me!
Welcome... death!"

...#####....#....#
...# #.........# ...#
####.#.#### ...#
#.........#
...#####....#....#
.<.......#..#..#.#
.......#....#...##
.>.....###########
.......# #..bb@#
.......# #..YO##
.......# #..bb#
.......# #....# .#
.......# #....##.bb
.......# #.........b
......(#####)...#.....
.(((...§§§§.....#.b...
.......§##+##§§.# ..b#


You could see a death yak, a two-headed ogre, 2 vampire bats and 2 bats.

Vanquished Creatures
  A death yak (D:10)
  A hippogriff (D:10)
  A yak (D:8)
  A wyvern (D:9)
  2 hogs (D:8)
  4 orc warriors
  4 phantoms
  An ice beast (D:8)
  3 ogres
  2 centaurs
  2 crocodiles
  6 bullfrogs
  A wyvern zombie (D:9)
  A gnoll sergeant (D:4)
  A water moccasin zombie (D:5)
  3 scorpions
  14 killer bees
  2 howler monkeys
  2 crimson imps
  3 bullfrog zombies
  3 hounds
  7 orc wizards
  2 centaur skeletons
  An orc priest (D:3)
  8 worker ants
  5 iguanas
  A hound skeleton (D:7)
  15 adders
  12 gnolls
  2 shadow imps
  An ooze (D:7)
  2 adder zombies (D:7)
  3 adder skeletons
  3 worms
  3 dart slugs (D:1)
  4 leopard geckos
  14 orcs
  10 giant cockroaches
  9 goblins
  5 hobgoblins
  11 jackals
  9 kobolds
  3 quokkas
  11 bats
  4 frilled lizards
  A jackal skeleton (D:8)
  A jackal zombie (D:5)
  A leopard gecko skeleton (D:7)
  A leopard gecko zombie (D:4)
  A quokka zombie (D:8)
  8 rats
216 creatures vanquished.

Vanquished Creatures (collateral kills)
  A hydra (D:10)
  A hog (D:8)
  A human (D:8)
  A hungry ghost (D:7)
  A black bear (D:6)
  An orc priest (D:7)
  An orc wizard (D:7)
  2 orcs
9 creatures vanquished.

Vanquished Creatures (others)
  The ghost of Sokar the Magician, a novice TeAE of Sif Muna (D:5)
1 creature vanquished.

Grand Total: 226 creatures vanquished

Notes
Turn   | Place    | Note
-------+----------+-------------------------------------------
     0 | D:1      | raph the Draconian Ice Elementalist began the quest for the Orb.
     0 | D:1      | Reached XP level 1. HP: 14/14 MP: 3/3
   240 | D:1      | Reached XP level 2. HP: 22/22 MP: 1/5
   298 | D:1      | Learned a level 2 spell: Throw Frost
   797 | D:1      | Reached XP level 3. HP: 26/27 MP: 4/6
   805 | D:1      | Learned a level 3 spell: Ozocubu's Armour
  1017 | D:2      | Found a faded altar of an unknown god.
  1086 | D:2      | Found a white marble altar of Elyvilon.
  1113 | D:2      | Reached skill level 1 in Fighting
  1781 | D:2      | Reached XP level 4. HP: 21/35 MP: 0/7
  2356 | D:3      | Reached skill level 1 in Charms
  2376 | D:3      | HP: 1/36 [orc/trident (4)]
  2816 | D:3      | Reached XP level 5. HP: 41/41 MP: 5/8
  3461 | D:4      | Reached skill level 4 in Ice Magic
  3760 | D:3      | Reached XP level 6. HP: 48/50 MP: 5/10
  3805 | D:3      | Found a sparkling altar of Nemelex Xobeh.
  3855 | D:3      | Learned a level 4 spell: Summon Ice Beast
  4595 | D:4      | Your scales start taking on an icy white colour.
  4595 | D:4      | Reached skill level 5 in Ice Magic
  4595 | D:4      | Reached XP level 7. HP: 57/57 MP: 1/11
  4595 | D:4      | Gained mutation: Your flesh is cold resistant. (rC+) [White Draconian growth]
  4606 | D:4      | Reached skill level 1 in Summonings
  4938 | D:4      | Found a sparkling altar of Nemelex Xobeh.
  5076 | D:4      | Reached skill level 6 in Ice Magic
  5103 | D:4      | Found an opulent altar of Gozag.
  5395 | D:5      | Entered Level 5 of the Dungeon
  5592 | D:5      | Found Bagup's Magic Scroll Shop.
  5630 | D:5      | Noticed Sokar's ghost (novice TeAE)
  5920 | D:6      | Reached XP level 8. HP: 24/66 MP: 6/13
  6219 | D:6      | Learned a level 4 spell: Throw Icicle
  6345 | D:6      | Reached skill level 1 in Polearms
  6456 | D:6      | Found an ancient bone altar of Kikubaaqudgha.
  6456 | D:6      | Found a glowing silver altar of Zin.
  6463 | D:6      | Became a worshipper of Kikubaaqudgha
  6735 | D:7      | Reached skill level 7 in Ice Magic
  6904 | D:7      | Found a staircase to the Ecumenical Temple.
  7434 | D:5      | Killed Sokar's ghost
  7453 | D:5      | Bought a scroll of brand weapon for 240 gold pieces
  7702 | D:5      | Reached XP level 9. HP: 72/73 MP: 9/15
  8079 | D:7      | Found a sparkling altar of Nemelex Xobeh.
  8118 | D:7      | Reached skill level 8 in Ice Magic
  8818 | D:7      | Reached * piety under Kikubaaqudgha
  8818 | D:7      | Identified Kikubaaqudgha's Reference Book on Evil (Kikubaaqudgha gifted it to you on level 7 of the Dungeon)
  8818 | D:7      | Received a gift from Kikubaaqudgha
  8818 | D:7      | Reached skill level 1 in Necromancy
  9030 | D:7      | Learned a level 3 spell: Regeneration
  9415 | D:8      | Reached skill level 5 in Fighting
 10340 | D:8      | Reached skill level 5 in Dodging
 10352 | D:8      | Reached XP level 10. HP: 56/81 MP: 13/17
 10787 | D:9      | Reached skill level 5 in Spellcasting
 10843 | D:9      | Reached skill level 9 in Ice Magic
 10881 | D:9      | Reached ** piety under Kikubaaqudgha
 10881 | D:9      | Reached skill level 5 in Polearms
 11174 | D:9      | Identified a scroll of acquirement
 11175 | D:9      | Got a spiked buckler
 11181 | D:9      | Identified the +3 buckler of a wizard's laboratory {rPois Int+2} (You acquired it on level 9 of the Dungeon)
 11523 | D:9      | Learned a level 2 spell: Corpse Rot
 11529 | D:10     | Entered Level 10 of the Dungeon
 11543 | D:10     | Found a staircase to the Orcish Mines.
 11600 | D:10     | Reached skill level 1 in Shields
 11645 | D:10     | Noticed a death yak
 11646 | D:10     | Noticed a six-headed hydra
 11664 | D:10     | Noticed a death yak
 11665 | D:10     | Killed a six-headed hydra
 11665 | D:10     | Reached skill level 5 in Stealth
 11668 | D:10     | Noticed a death yak
 11687 | D:10     | Noticed a two-headed ogre
 11710 | D:10     | Killed a death yak
 11712 | D:10     | HP: 1/83 [two-headed ogre/dire flail of venom (14)]
 11717 | D:10     | Mangled by a two-headed ogre

Skill      XL: |  1  2  3  4  5  6  7  8  9 10 |
---------------+-------------------------------+-----
Dodging        | 2 3 4 5 |  5.3
Stealth        | 2 3 4 5 |  5.1
Fighting       | 1 2 3 4 5 |  5.9
Charms         | 1 2 |  2.2
Ice Magic      | 4 5 6 7 8 9 |  9.2
Spellcasting   | 3 4 5 |  5.3
Summonings     | 2 3 4 |  4.1
Polearms       | 2 4 5 |  5.5
Conjurations   | 2 3 4 |  4.0
Necromancy     | 2 3 |  3.0
Shields        | 2 |  2.2

Action                   |  1- 3 |  4- 6 |  7- 9 | 10-12 || total
-------------------------+-------+-------+-------+-------++-------
Melee: Unarmed           |     9 |       |       |       ||     9
       Tailslap          |     6 |    14 |    30 |    15 ||    65
       Mace              |    27 |       |       |       ||    27
       Quarterstaff      |    21 |    66 |       |       ||    87
       Staff             |     2 |       |     5 |       ||     7
       Trident           |       |    79 |   389 |   161 ||   629
       Spear             |       |       |    40 |       ||    40
Throw: Tomahawk          |       |       |     4 |       ||     4
 Cast: Freeze            |    39 |    39 |    51 |     7 ||   136
       Throw Frost       |     7 |    26 |     3 |       ||    36
       Ozocubu's Armour  |       |    20 |    49 |    13 ||    82
       Summon Ice Beast  |       |       |     8 |     3 ||    11
       Throw Icicle      |       |       |     4 |     4 ||     8
       Regeneration      |       |       |       |     5 ||     5
 Abil: Breathe Frost     |       |       |     1 |       ||     1
Evoke: Wand              |       |       |     1 |     1 ||     2
  Use: Scroll            |       |     7 |    11 |     5 ||    23
       Potion            |       |       |       |     9 ||     9
 Stab: Sleeping          |     5 |     3 |     8 |     2 ||    18
  Eat: Chunk             |     4 |    13 |    13 |     7 ||    37
       Fruit             |       |     1 |       |       ||     1
       Meat ration       |       |       |     3 |       ||     3
       Royal jelly       |       |       |     1 |       ||     1
Armor: Skin              |    36 |    59 |   230 |    77 ||   402
Dodge: Dodged            |    55 |   146 |   340 |   167 ||   708
Block: Buckler           |       |       |       |    34 ||    34
